 Dungeon Crawl Stone Soup version 0.27.1-37-g7b29ead8ac (console) character file.

Game seed: 14608269907667816938

195343 grimtooth the Bewitcher (level 19, -4/116 HPs)
             Began as a Kobold Enchanter on Mar 9, 2023.
             Was the Champion of Fedhas.
             Killed from afar by an eleionoma (43 damage)
             ... with a spray of wooden splinters
             ... on level 2 of the Swamp.
             The game lasted 04:52:26 (53670 turns).

grimtooth the Bewitcher (Kobold Enchanter)         Turns: 53670, Time: 04:52:27

Health: -4/116     AC: 12    Str: 13    XL:     19   Next: 3%
Magic:  30/33      EV: 28    Int: 32    God:    Fedhas [******]
Gold:   3099       SH: 14    Dex: 18    Spells: 11/38 levels left

rFire    . . .     SeeInvis .   a - +7 Spriggan's Knife {stab, EV+4 Stlth+}
rCold    . . .     Faith    .   R - +2 buckler
rNeg     . . .     Spirit   .   k - +2 leather armour {rPois}
rPois    +         Reflect  +   (helmet restricted)
rElec    .         Harm     .   F - +2 cloak
rCorr    +         Rampage  .   y - +4 pair of gloves of the Shore {+Inv Will++}
Will     ++...                  T - +0 pair of boots
Stlth    +++++++...             i - amulet of reflection
HPRegen  0.29/turn              H - ring "Weffusomy" {+Blink Fly Will- Int+8 Dex-2}
MPRegen  0.23/turn              d - ring "Yppooz" {rCorr Str+3 Int+6 Dex+3}

@: confusing by touch, flying
A: small, no large weapons, nightstalker 3, antennae 1, deformed body
}: 1/15 runes: serpentine
a: Renounce Religion, Evoke Blink, Evoke Invisibility, Wall of Briars, Grow
Ballistomycete, Overgrow, Grow Oklob


You were on level 2 of the Swamp.
You worshipped Fedhas.
Fedhas was exalted by your worship.
You visited 6 branches of the dungeon, and saw 30 of its levels.
You also visited: Gauntlet and Ice Cave.

You collected 4377 gold pieces.
You spent 1278 gold pieces at shops.

Inventory:

Hand Weapons
 a - the +7 Spriggan's Knife (weapon) {stab, EV+4 Stlth+}
   (You acquired it on level 4 of the Snake Pit)

   It is more effective when stabbing unaware enemies, treating them as though
   they were completely helpless.
   EV:        It affects your evasion (+4).
   Stlth:     It makes you more stealthy.
 b - a +0 long sword of electrocution
Missiles
 u - 2 throwing nets {=f}
 J - 60 poisoned darts (quivered)
 S - 7 curare-tipped darts
Armour
 k - a +2 leather armour of poison resistance (worn)
 y - the +4 pair of gloves of the Shore (worn) {+Inv Will++}
   (You found it in a Gauntlet)

   +Inv:      It lets you turn invisible.
   Will:      It greatly increases your willpower.
 A - a scarf of resistance
 F - a +2 cloak (worn)
 R - a +2 buckler (worn)
 T - a +0 pair of boots (worn)
Magical Staves
 z - a staff of fire
Jewellery
 d - the ring "Yppooz" (right hand) {rCorr Str+3 Int+6 Dex+3}
   (You took it off a minotaur in a Gauntlet)

   [ring of intelligence]

   Str:       It affects your strength (+3).
   Int:       It affects your intelligence (+6).
   Dex:       It affects your dexterity (+3).
   rCorr:     It protects you from acid and corrosion.
 i - an amulet of reflection (around neck)
 m - a ring of magical power
 s - a ring of protection from fire
 H - the ring "Weffusomy" (left hand) {+Blink Fly Will- Int+8 Dex-2}
   (You found it in an ice cave)

   [ring of flight]

   Int:       It affects your intelligence (+8).
   Dex:       It affects your dexterity (-2).
   Fly:       It grants you flight.
   +Blink:    It lets you blink.
   Will:      It decreases your willpower.
 M - a ring of see invisible
 Q - a ring of ice
 W - an amulet of the acrobat
Wands
 f - a wand of flame (72)
 h - a wand of iceblast (33)
 o - a wand of charming (9)
 w - a wand of acid (21)
 P - a wand of digging (8)
 U - a wand of paralysis (7)
Scrolls
 e - 5 scrolls of vulnerability
 j - 11 scrolls of teleportation
 n - 2 scrolls of amnesia
 q - 5 scrolls of fog
 r - a scroll of brand weapon {unknown}
 D - 2 scrolls of holy word
 E - 2 scrolls of enchant armour
 G - 3 scrolls of fear
 K - a scroll of summoning
 V - a scroll of torment
 X - 8 scrolls of magic mapping
Potions
 c - 3 potions of magic
 g - a potion of heal wounds
 t - 6 potions of might
 v - a potion of curing
 B - a potion of haste
 C - 9 potions of ambrosia
 L - 2 potions of cancellation
 N - 2 potions of flight
 O - a potion of brilliance
 Z - 2 potions of invisibility
Miscellaneous
 x - a condenser vane
 I - a tin of tremorstones (2/2)


   Skills:
 - Level 12.0 Fighting
 + Level 9.6 Short Blades
 * Level 14.5 Dodging
 + Level 13.8 Stealth
 - Level 6.0 Shields
 - Level 10.0 Spellcasting
 - Level 15.0 Hexes
 - Level 12.0 Ice Magic
 - Level 12.0 Invocations
 - Level 9.0 Evocations


You had 11 spell levels left.
You knew the following spells:

 Your Spells              Type           Power      Damage    Failure   Level
a - Corona                Hex            93%        N/A       0%          1
b - Ozocubu's Armour      Ice            75%        N/A       1%          3
c - Cause Fear            Hex            42%        N/A       1%          4
e - Ensorcelled Hibernat  Hex/Ice        100%       N/A       1%          2
g - Metabolic Englaciati  Hex/Ice        40%        N/A       1%          5
t - Tukima's Dance        Hex            84%        N/A       1%          3
v - Invisibility          Hex            42%        N/A       1%          6
x - Confusing Touch       Hex            84%        N/A       1%          3

Your spell library contained the following spells:

 Spells                   Type           Power      Damage    Failure   Level
 Dazzling Flash           Conj/Hex       100%       N/A       1%          3
 Inner Flame              Hex/Fire       59%        N/A       1%          3
 Fulminant Prism          Conj/Hex       29%        3d14      1%          4
 Apportation              Tloc           32%        N/A       3%          1
 Magic Dart               Conj           64%        1d6       3%          1
 Shock                    Conj/Air       64%        1d7       3%          1
 Sting                    Tmut/Pois      64%        1d6       3%          1
 Summon Mana Viper        Hex/Summ       59%        N/A       4%          5
 Poisonous Vapours        Pois/Air       32%        N/A       6%          2
 Searing Ray              Conj           32%        3d4       6%          2
 Conjure Flame            Conj/Fire      16%        6-21      12%         3
 Gell's Gravitas          Tloc           8%         N/A       12%         3
 Ignite Poison            Fire/Tmut/Pois 16%        N/A       12%         3
 Lesser Beckoning         Tloc           8%         N/A       12%         3
 Stone Arrow              Conj/Erth      32%        3d9       12%         3
 Swiftness                Air            16%        N/A       12%         3
 Teleport Other           Tloc           16%        N/A       12%         3
 Ozocubu's Refrigeration  Ice            37%        4d12      24%         7
 Airstrike                Air            8%         N/A       36%         4
 Animate Armour           Summ/Erth      32%        N/A       36%         4
 Iskenderun's Mystic Bla  Conj/Tloc      16%        2d5       36%         4
 Olgreb's Toxic Radiance  Pois           16%        N/A       36%         4
 Petrify                  Tmut/Erth      16%        N/A       36%         4
 Sticky Flame             Conj/Fire      16%        2d4       36%         4
 Simulacrum               Ice/Necr       26%        N/A       45%         6
 Discord                  Hex            42%        N/A       47%         8
 Alistair's Intoxication  Tmut/Pois      10%        N/A       71%         5
 Blade Hands              Tmut           8%         N/A       71%         5
 Irradiate                Conj/Tmut      8%         3d16      71%         5
 Lee's Rapid Deconstruct  Erth           8%         3d8*      71%         5
 Summon Forest            Summ/Tloc      8%         N/A       71%         5
 Shadow Creatures         Summ           N/A        N/A       99%         6
 Statue Form              Tmut/Erth      10%        N/A       99%         6
 Dragon Form              Tmut           8%         N/A       100%        7
 Lehudib's Crystal Spear  Conj/Erth      8%         10d3      100%        8


Dungeon Overview and Level Annotations

Branches:
Dungeon (15/15)            Temple (1/1) D:5            Lair (6/6) D:8
  Swamp (2/4) Lair:3        Snake (4/4) Lair:2        Slime (0/5) Lair:6
    Orc (2/2) D:12            Elf (0/3) Orc:2        Vaults (0/5) D:13
 Depths (0/5) D:15          IceCv (visited)         Gauntlet (visited)

Altars:
Ashenzari
Cheibriados
Dithmenos
Elyvilon
Fedhas
Gozag
Hepliaklqana
Kikubaaqudgha
Makhleb
Nemelex Xobeh
Okawaru
Qazlal
Ru
Sif Muna
Trog
Uskayaw
Vehumet
Wu Jian
Xom
Yredelemnul
Zin
The Shining One
Jiyva

Shops:
D:12 :   D:14 ?   Orc:1 :   Orc:2 *[(=:   Snake:3 [

Annotations:
D:13 1 runed translucent door
Swamp:1 1 runed translucent door
Snake:3 Roxanne


Innate Abilities, Weirdness & Mutations

You are small and have problems with some larger weapons.
You are completely attuned to the shadows.
You have a pair of small antennae on your head.
Armour fits poorly on your strangely shaped body.


Message History

Your surroundings suddenly seem different.
You start resting.
Magic restored.
You start resting.
An eleionoma is nearby!
Press: ? - help, v - describe, . - travel
Here: an eleionoma (moderately wounded, wandering, hasn't noticed you) Some shallow water.
The eleionoma shouts!
You blink.
The eleionoma hits you.
Casting: Confusing Touch (safe; 1% risk of failure)
Confirm with . or Enter, or press ? or * to list all spells.
Your hands begin to glow red.
The eleionoma completely misses you.
You hit the eleionoma but do no damage.
The eleionoma is moderately wounded.
You hit the eleionoma but do no damage.
The eleionoma is moderately wounded.
The eleionoma hurls a spray of splinters at you.
The spray of wooden splinters misses you.
Press: ? - help, v - describe, . - travel
Here: an eleionoma (moderately wounded, chance to confuse on hit: 20%)
The floor.
You hit the eleionoma but do no damage.
The eleionoma is moderately wounded.
You block the eleionoma's attack.
You hit the eleionoma but do no damage.
The eleionoma is moderately wounded.
You hit the eleionoma but do no damage.
The eleionoma is moderately wounded.
The eleionoma hurls a spray of splinters at you.
The spray of wooden splinters hits you.
* * * LOW HITPOINT WARNING * * *
You hit the eleionoma but do no damage.
The eleionoma is moderately wounded.
You barely miss the eleionoma.
The eleionoma is moderately wounded.
The eleionoma hurls a spray of splinters at you.
The spray of wooden splinters hits you!!!
You die...
Fedhas appreciates your contribution to the ecosystem.

♣♣♣♣♣..§♣ ♣♣♣♣♣ ♣♣...
♣♣≈≈≈♣♣♣♣♣♣♣≈.
♣.≈≈†.≈...♣≈..
♣♣.≈≈≈≈≈≈≈.♣♣≈.
♣....≈≈≈≈.♣♣♣..
♣♣♣♣♣≈≈.........♣♣....
♣≈≈≈.........≈♣♣≈.≈≈≈♣
♣.≈≈.........♣♣))^≈≈.♣
♣.≈≈.≈§.≈≈...≈≈..≈♣♣≈♣
♣♣♣..@≈≈≈≈≈..≈<.§≈.♣≈♣
♣♣R≈≈.≈≈.....≈)≈≈≈♣
♣...≈≈≈...≈≈≈≈≈≈.♣
♣♣..§≈≈..≈§≈≈≈≈≈...
♣..≈§≈.≈≈≈≈≈≈≈≈...
≈......≈≈≈≈≈n ≈ ≈≈ .<
≈.≈.≈≈♣ ♣♣.
≈§.≈§≈♣♣♣☼.
♣≈.≈≈☼○○Z§§


You could see an eleionoma.

Vanquished Creatures
  Vashnia (Snake:4)
  Jorgrun (D:13)
  Frances (D:13)
  12 nagarajas (Snake:4)
  A fenstrider witch (Swamp:2)
  Aizul (Snake:1)
  2 orc warlords
  A stone giant (D:15)
  Nessos (D:13)
  Azrael (D:14)
  A white draconian (IceCv)
  An ettin (Orc:2)
  Josephine (Lair:5)
  2 eleionomae
  Fannar (Orc:1)
  5 salamander tyrants (Snake:4)
  3 naga warriors
  6 anacondas
  A ghost crab (Swamp:2)
  10 hydras
  A catoblepas (D:15)
  3 ogre magi
  4 boulder beetles
  3 alligators
  6 centaur warriors
  2 dancing weapons
  10 two-headed ogres
  Erica (Lair:1)
  6 tengu warriors
  3 shock serpents
  8 naga sharpshooters
  A deep troll earth mage (D:12)
  Urug (D:13)
  Sonja (Lair:3)
  A salamander mystic (Snake:4)
  2 skeletal warriors (D:15)
  3 deep trolls
  2 sea snakes (Snake:1)
  A goliath frog (Swamp:1)
  4 bog bodies
  A spriggan druid (Swamp:2)
  6 naga ritualists
  4 deep elf pyromancers
  A deep elf zephyrmancer (D:14)
  A wolf spider (D:14)
  6 mana vipers
  2 orc knights
  2 orc sorcerers (Orc:2)
  2 ugly things (D:12)
  A shining eye (Gauntlet)
  A will-o-the-wisp (Swamp:1)
  9 cyclopes
  16 salamanders
  A worldbinder (Gauntlet)
  4 manticores
  5 elephants (Lair:5)
  36 black mambas
  4 naga magi
  A gargoyle (D:14)
  Maggie (D:8)
  8 cane toads
  3 unseen horrors
  8 rime drakes
  2 freezing wraiths (D:14)
  7 komodo dragons
  A queen bee (Lair:3)
  21 trolls
  6 hornets
  3 tyrant leeches (Swamp:1)
  3 polar bears (Lair:6)
  20 blink frogs
  A dream sheep (Lair:6)
  7 slime creatures
  A meliai zombie (D:11)
  3 shadows
  16 spriggans
  3 wyverns
  19 yaks
  7 wraiths
  4 fire elementals (D:14)
  2 redbacks (D:14)
  2 humans (D:7)
  2 golden eyes (Gauntlet)
  7 basilisks
  6 vampire mosquitoes
  Edmund (D:4)
  Menkaure (D:4)
  34 nagas
  4 wargs
  7 swamp worms
  14 water moccasins
  An acid dragon (D:12)
  A hell hound (D:14)
  18 orc warriors
  3 black bears (Lair:6)
  A sky beast (D:6)
  An ice beast (D:7)
  3 swamp drakes
  15 ogres
  11 boggarts
  19 wolves
  7 centaurs
  4 phantoms
  5 kobold brigands
  A wyvern zombie (D:7)
  17 bullfrogs
  5 gnoll sergeants (D:12)
  2 scorpions (D:6)
  A hornet simulacrum (D:14)
  39 killer bees
  5 lindwurm simulacra (IceCv)
  2 howler monkeys (D:8)
  8 electric eels
  A bullfrog zombie (D:6)
  5 komodo dragon simulacra (IceCv)
  4 hounds
  2 jellies
  11 orc priests
  3 centaur zombies
  2 gnoll shamans (D:7)
  A centaur skeleton (D:6)
  3 iguanas
  Terence (D:3)
  18 orc wizards
  A hound skeleton (D:3)
  14 gnolls
  7 acid dragon simulacra (IceCv)
  An adder (D:3)
  A shadow imp (D:6)
  2 ufetubi (D:6)
  4 steam dragon simulacra (IceCv)
  An adder skeleton (D:4)
  2 worms
  2 dart slugs
  61 orcs
  6 bats
  2 endoplasms
  3 giant cockroaches
  10 goblins
  6 hobgoblins
  8 jackals
  3 quokkas
  7 ball pythons
  2 frilled lizards (D:1)
  19 kobolds
  7 rats
  A ballistomycete spore (Lair:5)
833 creatures vanquished.

Vanquished Creatures (collateral kills)
  Saint Roka (Snake:3)
  Agnes (Snake:4)
  Louise (Snake:4)
  A minotaur (Gauntlet)
  2 naga warriors
  A salamander tyrant (Snake:3)
  7 two-headed ogres
  9 naga sharpshooters
  A salamander mystic (Snake:4)
  A skeletal warrior (D:14)
  A naga ritualist (Snake:3)
  5 salamanders
  4 naga magi
  A black mamba (Snake:3)
  A gargoyle (D:12)
  A hornet (Lair:6)
  A spriggan (Swamp:2)
  A fire elemental (D:14)
  5 nagas
  A hell hound (D:14)
  An orc warrior (Orc:2)
  7 ogres
  2 gnoll sergeants (D:12)
  An orc wizard (Orc:2)
  5 orcs
  90 ballistomycete spores
152 creatures vanquished.

Vanquished Creatures (others)
  An anaconda (Snake:4)
  A bloated husk (Swamp:2)
  9 dancing weapons
  A hell hound (D:14)
  A boggart (D:15)
  An orc (Orc:1)
  6 ballistomycete spores
  A bush (Lair:2)
  25 demonic plants (Gauntlet)
  14 foxfires (Swamp:1)
  81 fungi
  124 plants
265 creatures vanquished.

Grand Total: 1250 creatures vanquished

Notes
Turn   | Place    | Note
-------+----------+-------------------------------------------
     0 | D:1      | grimtooth the Kobold Enchanter began the quest for the Orb.
     0 | D:1      | Reached XP level 1. HP: 10/10 MP: 3/3
   364 | D:1      | Found a faded altar of an unknown god.
   658 | D:1      | Reached XP level 2. HP: 15/15 MP: 5/5
  1155 | D:1      | Reached XP level 3. HP: 19/19 MP: 6/6
  2990 | D:2      | Reached XP level 4. HP: 16/24 MP: 3/7
  3453 | D:3      | Noticed Terence
  3691 | D:3      | Reached skill level 5 in Stealth
  4623 | D:3      | Reached skill level 5 in Short Blades
  4623 | D:3      | Reached XP level 5. HP: 28/28 MP: 8/8
  4782 | D:3      | Learned a level 2 spell: Ensorcelled Hibernation
  4873 | D:4      | Noticed a phantom
  5077 | D:4      | Reached XP level 6. HP: 32/32 MP: 9/9
  5250 | D:4      | Noticed Edmund
  5303 | D:4      | Killed Edmund
  5589 | D:4      | Reached skill level 4 in Hexes
  5589 | D:4      | Reached XP level 7. HP: 36/36 MP: 10/10
  5698 | D:4      | Noticed Menkaure
  5910 | D:5      | Entered Level 5 of the Dungeon
  5950 | D:5      | Learned a level 3 spell: Confusing Touch
  5954 | D:5      | Learned a level 3 spell: Tukima's Dance
  6233 | D:5      | Found a staircase to the Ecumenical Temple.
  6270 | Temple   | Entered the Ecumenical Temple
  6385 | Temple   | Became a worshipper of Fedhas Madash
  6475 | D:5      | Reached skill level 5 in Hexes
  6797 | D:5      | Found a shadowy altar of Dithmenos.
  6883 | D:5      | Reached XP level 8. HP: 41/41 MP: 11/11
  7173 | D:5      | Found an opulent altar of Gozag.
  7176 | D:5      | Found a broken altar of Ashenzari.
  7178 | D:5      | Found a bloodstained altar of Trog.
  7311 | D:3      | Reached skill level 6 in Hexes
  7542 | D:3      | Killed Terence
  7574 | D:4      | Killed Menkaure
  7764 | D:6      | Reached * piety under Fedhas
  8073 | D:6      | Noticed a two-headed ogre
  8241 | D:6      | Reached skill level 1 in Fighting
  8241 | D:6      | Reached XP level 9. HP: 47/47 MP: 12/12
  8927 | D:7      | Found a snail-covered altar of Cheibriados.
  9016 | D:7      | Reached skill level 5 in Fighting
  9584 | D:7      | Found an iron altar of Okawaru.
  9592 | D:7      | Reached skill level 1 in Ice Magic
  9801 | D:8      | Found a staircase to the Lair.
  9835 | D:8      | Reached ** piety under Fedhas
  9940 | D:8      | Noticed Maggie
 10492 | D:8      | Reached skill level 7 in Hexes
 10706 | D:8      | Identified a scroll of acquirement
 10784 | D:8      | Reached XP level 10. HP: 57/60 MP: 14/14
 11116 | D:8      | Killed Maggie
 11401 | D:9      | Found a white marble altar of Elyvilon.
 11481 | D:9      | Reached skill level 8 in Hexes
 11481 | D:9      | Reached skill level 5 in Ice Magic
 11612 | D:9      | Noticed a centaur warrior
 11625 | D:9      | Killed a centaur warrior
 12235 | D:10     | Entered Level 10 of the Dungeon
 13018 | D:10     | Reached skill level 9 in Hexes
 13048 | D:10     | Noticed a two-headed ogre
 13052 | D:10     | Killed a two-headed ogre
 13053 | D:10     | Reached skill level 5 in Spellcasting
 13053 | D:10     | Reached XP level 11. HP: 64/64 MP: 19/19
 13140 | D:10     | Reached skill level 1 in Invocations
 13575 | D:11     | Reached *** piety under Fedhas
 13795 | D:11     | Noticed a seven-headed hydra
 13858 | D:11     | Noticed a boulder beetle
 13860 | D:11     | Killed a boulder beetle
 13862 | D:11     | Noticed a cyclops
 13867 | D:11     | Killed a cyclops
 14014 | D:11     | Reached skill level 10 in Hexes
 14388 | D:11     | Noticed a manticore
 14396 | D:11     | Noticed a deep troll
 14616 | D:12     | Noticed a six-headed hydra
 14631 | D:12     | Reached skill level 5 in Invocations
 14668 | D:12     | Noticed a deep elf pyromancer
 14672 | D:12     | Killed a deep elf pyromancer
 14882 | D:12     | Noticed a red ugly thing
 14887 | D:12     | Killed a red ugly thing
 14900 | D:12     | Noticed a boulder beetle
 14912 | D:12     | Killed a boulder beetle
 14913 | D:12     | Reached skill level 11 in Hexes
 14974 | D:12     | Noticed a green ugly thing
 14978 | D:12     | Killed a green ugly thing
 14979 | D:12     | Reached XP level 12. HP: 70/70 MP: 21/21
 14989 | D:12     | Found Biqol's Book Emporium.
 15008 | D:12     | Noticed a two-headed ogre
 15050 | D:12     | Killed a two-headed ogre
 15180 | D:12     | Reached skill level 12 in Hexes
 15180 | D:12     | Reached skill level 1 in Evocations
 15649 | D:12     | Found a staircase to the Orcish Mines.
 16455 | D:12     | Reached **** piety under Fedhas
 16927 | D:12     | Reached skill level 5 in Dodging
 17326 | D:6      | Killed a two-headed ogre
 17555 | D:12     | Learned a level 3 spell: Ozocubu's Armour
 17562 | D:12     | Learned a level 5 spell: Metabolic Englaciation
 17686 | Lair:1   | Entered Level 1 of the Lair of Beasts
 18134 | Lair:1   | Noticed Erica
 18295 | Lair:1   | Noticed a six-headed hydra
 18443 | Lair:1   | Killed Erica
 19022 | Lair:1   | Reached XP level 13. HP: 74/74 MP: 19/22
 19692 | Lair:2   | Found a staircase to the Snake Pit.
 20001 | Lair:2   | Noticed a five-headed hydra
 20330 | Lair:2   | Killed a five-headed hydra
 21127 | Lair:3   | Noticed an eight-headed hydra
 21557 | Lair:3   | Killed an eight-headed hydra
 22307 | Lair:3   | Found a staircase to the Swamp.
 22470 | Lair:3   | Noticed Sonja
 22476 | Lair:3   | Killed Sonja
 22677 | Lair:3   | Learned a level 6 spell: Invisibility
 22764 | Lair:3   | Reached ***** piety under Fedhas
 23557 | Lair:4   | Found a hazy altar of Hepliaklqana.
 23839 | Lair:4   | Identified the +0 leather armour of Existentialism {Str+4}
 24190 | Lair:5   | Identified the +1 ring mail of Tartarus {rElec rPois rN+}
 24776 | Lair:5   | Reached XP level 14. HP: 61/80 MP: 27/27
 24890 | Lair:5   | Reached skill level 5 in Evocations
 24979 | Lair:5   | Noticed Josephine
 24988 | Lair:5   | Killed Josephine
 24998 | Lair:5   | Reached skill level 10 in Dodging
 25601 | Lair:6   | Entered Level 6 of the Lair of Beasts
 25628 | Lair:6   | Found a gate leading to a gauntlet.
 25630 | Lair:6   | Found a staircase to the Slime Pits.
 25630 | Lair:6   | Found a viscous altar of Jiyva.
 25640 | Gauntlet | Entered a Gauntlet
 25640 | Gauntlet | Found a transporter.
 25655 | Gauntlet | Found a transporter.
 25657 | Gauntlet | Found a transporter.
 25680 | Gauntlet | Found a transporter.
 25690 | Gauntlet | Found a transporter.
 25695 | Gauntlet | Found a large runed translucent door.
 25697 | Gauntlet | Found a transporter.
 25699 | Gauntlet | Found a large runed translucent door.
 25703 | Gauntlet | Found a large runed translucent door.
 25703 | Gauntlet | Found a large runed translucent door.
 25704 | Gauntlet | Found a large runed translucent door.
 25704 | Gauntlet | Found a large runed translucent door.
 25704 | Gauntlet | Found a runed translucent door.
 25704 | Gauntlet | Found a runed translucent door.
 25707 | Gauntlet | Found a large runed translucent door.
 25708 | Gauntlet | Found a large runed translucent door.
 25709 | Gauntlet | Found a large runed translucent door.
 25709 | Gauntlet | Found a large runed translucent door.
 25719 | Gauntlet | Found a runed translucent gate.
 25720 | Gauntlet | Found a transporter.
 25720 | Gauntlet | Found a runed translucent gate.
 25721 | Gauntlet | Found a runed translucent gate.
 25732 | Gauntlet | Found a transporter.
 25772 | Gauntlet | Found a large runed translucent door.
 25772 | Gauntlet | Found a large runed translucent door.
 25773 | Gauntlet | Found a large runed translucent door.
 25774 | Gauntlet | Found a large runed translucent door.
 25775 | Gauntlet | Found a large runed translucent door.
 25775 | Gauntlet | Found a large runed translucent door.
 25804 | Gauntlet | Found a transporter.
 25834 | Gauntlet | Found a transporter.
 25853 | Gauntlet | Found a transporter.
 25866 | Gauntlet | Found a transporter.
 25898 | Gauntlet | Found a transporter.
 25921 | Gauntlet | Found a transporter.
 25934 | Gauntlet | Found a transporter.
 25938 | Gauntlet | Found a transporter.
 25969 | Gauntlet | Found a transporter.
 26004 | Gauntlet | Found a transporter.
 26017 | Gauntlet | Gained mutation: You have a pair of small antennae on your
                  | head. [a shining eye]
 26021 | Gauntlet | - not going well
 26031 | Gauntlet | Gained mutation: Armour fits poorly on your strangely
                  | shaped body. [a shining eye]
 26112 | Gauntlet | Identified the +4 pair of gloves of the Shore {+Inv Will++}
 26275 | Gauntlet | Identified the amulet "Xumyacet" {RegenMP rElec}
 26337 | Gauntlet | Identified the ring "Yppooz" {rCorr Str+3 Int+6 Dex+3}
 26337 | Gauntlet | Noticed a minotaur
 26343 | Gauntlet | Killed a minotaur
 28898 | Lair:6   | Identified the +0 short sword "Yloerph" {vorpal, Str+2
                  | Int+2}
 28966 | Lair:6   | Reached skill level 1 in Shields
 29802 | Orc:1    | Entered Level 1 of the Orcish Mines
 29854 | Orc:1    | Noticed an orc warlord
 29896 | Orc:1    | Killed an orc warlord
 30516 | Orc:1    | Found Enuhox's Book Emporium.
 30602 | Orc:1    | Noticed Fannar
 30632 | Orc:1    | Killed Fannar
 31129 | Orc:2    | Entered Level 2 of the Orcish Mines
 31224 | Orc:2    | Noticed an orc warlord
 31576 | Orc:2    | Killed an orc warlord
 31577 | Orc:2    | Reached XP level 15. HP: 90/90 MP: 28/28
 31891 | Orc:2    | Found a staircase to the Elven Halls.
 31919 | Orc:2    | Reached skill level 5 in Shields
 32218 | Orc:2    | Reached ****** piety under Fedhas
 32985 | Orc:2    | - tenth times a charm... 53
 33167 | Orc:2    | Found Paxum's Jewellery Emporium.
 33294 | Orc:2    | Found Vetucif's Overcharged Wands.
 33400 | Orc:2    | Found Rurezoq's Weapon Emporium.
 33417 | Orc:2    | Found Faepiqui's Book Shoppe.
 33419 | Orc:2    | Found Jiucumm's Armour Shop.
 33748 | Orc:1    | Bought a book of Hexes for 540 gold pieces
 33753 | Orc:1    | Learned a level 4 spell: Cause Fear
 33870 | D:12     | Reached skill level 10 in Stealth
 34102 | D:11     | Reached skill level 13 in Hexes
 34591 | D:13     | Found a runed translucent door.
 34627 | D:13     | Noticed Jorgrun
 34639 | D:13     | Killed Jorgrun
 34708 | D:13     | Noticed Nessos
 34722 | D:13     | Found a frozen archway.
 34748 | IceCv    | Entered an ice cave
 35216 | IceCv    | Identified the ring "Weffusomy" {+Blink Fly Will- Int+8
                  | Dex-2}
 35594 | D:13     | Noticed Frances
 35599 | D:13     | Noticed Urug
 35602 | D:13     | Killed Urug
 35638 | D:13     | Killed Nessos
 35639 | D:13     | Reached XP level 16. HP: 96/96 MP: 29/29
 35655 | D:13     | Found a gate to the Vaults.
 36157 | D:13     | Found the +7 great mace "Firestarter" {inner flame, rF++}
 36654 | D:13     | Killed Frances
 36655 | D:13     | Reached skill level 14 in Hexes
 37516 | D:14     | Noticed Azrael
 38224 | D:14     | Found Noucoir's Magic Scroll Shop.
 38230 | D:14     | Bought a scroll of teleportation for 54 gold pieces
 38230 | D:14     | Bought a scroll of blinking for 135 gold pieces
 38230 | D:14     | Bought a scroll of identify for 36 gold pieces
 38230 | D:14     | Bought a scroll of identify for 36 gold pieces
 38385 | D:14     | Killed Azrael
 38875 | D:15     | Entered Level 15 of the Dungeon
 39068 | D:15     | Reached skill level 15 in Hexes
 39291 | D:15     | Found a staircase to the Depths.
 39453 | D:15     | Reached skill level 10 in Ice Magic
 39578 | D:15     | Found the +5 scythe "Finisher" {speed, eviscerate}
 39668 | D:14     | Bought a scroll of teleportation for 54 gold pieces
 40683 | D:13     | Acquired 923 gold pieces
 40816 | Orc:2    | Bought a +2 leather armour of poison resistance for 288
                  | gold pieces
 41054 | Snake:1  | Entered Level 1 of the Snake Pit
 41198 | Snake:1  | Reached XP level 17. HP: 100/100 MP: 30/30
 41938 | Snake:1  | Noticed Aizul
 41959 | Snake:1  | Killed Aizul
 43842 | Snake:2  | Reached skill level 10 in Fighting
 43842 | Snake:2  | Reached skill level 10 in Invocations
 45609 | Snake:3  | Noticed Roxanne
 45865 | Snake:3  | Found Boggom's Armour Boutique.
 46448 | D:14     | Bought a scroll of blinking for 135 gold pieces
 47305 | Snake:3  | Noticed Saint Roka
 47343 | Snake:3  | Killed Saint Roka
 47657 | Snake:4  | Entered Level 4 of the Snake Pit
 48087 | Snake:4  | Acquired the +7 Spriggan's Knife {stab, EV+4 Stlth+}
 48087 | Snake:4  | Found the +7 Spriggan's Knife {stab, EV+4 Stlth+}
 48342 | Snake:4  | Noticed Agnes
 48353 | Snake:4  | Killed Agnes
 48354 | Snake:4  | Reached XP level 18. HP: 47/110 MP: 17/31
 48748 | Snake:4  | Noticed Vashnia
 48784 | Snake:4  | Killed Vashnia
 48799 | Snake:4  | Noticed Louise
 48808 | Snake:4  | Killed Louise
 50185 | Snake:4  | Reached skill level 10 in Spellcasting
 51809 | Snake:4  | Got a serpentine rune of Zot
 52167 | Swamp:1  | Entered Level 1 of the Swamp
 53133 | Swamp:1  | Found a runed translucent door.
 53265 | Swamp:2  | Reached XP level 19. HP: 116/116 MP: 33/33
 53670 | Swamp:2  | Killed from afar by an eleionoma

Illustrated notes

##### ### ### ### #≈∩≈# ### ###
### #8# #8# #8# #...# #8# #8# #8#
###############.∩.###############
.................................
................©................
##########.###########.##########
.......xg#.#..≈§...≈.#.#Y..ww...w
........g#.#§≈..≈§§§§#.#..##.##.Y
..#...#..#.#.≈.≈≈§≈§§#.#Y#..#..#Y
[g. ...#.#≈.≈G@.§§.#.#Y#. .#? ©..
...#.#§..≈G≈§§≈#.#..# #.© ?..
...#.#§≈§§≈≈.§.#.#.#. .#. ..
#..#.#.§≈...G..#.#.#. #. .
...#.#.≈§..≈§≈.#.#..# .
...#.#.§§.©=.≈!#.#... # #########
#########
§§8§§#©.........©.........©#≈≈8§§
#################################
..........©#§≈≈≈8§≈≈≈#©..........
######### ######### #########


Turn 26021 on Gauntlet: - not going well #.............. #....#.........
####...#.......... ##..#...##.#....... #.........#...)........
###..................... .####..)..................# ..# ##).......)...........#
..###.)......#..))†....... ....[...........))....#.# ......##...[)...@..[...##
..........)).....)..<...# .)#............#.....#.## ).#.....#...........####
.###.)))#....#.#.....# ## ##).#.....####....### ##.)......##.......##
#.)).....###.).)....# #..)......#...#....## # ##...#....###...#...#
####..)).......##.##..## Turn 32985 on Orc:2: - tenth times a charm... 53

Levels and vault maps discovered:
D:1:      minmay_arrival_open_corners, layout_basic,
          hellmonk_ecumenical_altar_crossroads
D:2:      layout_loops_corners
D:3:      minmay_diamond_boxcup, layout_basic, guppyfry_early_orc_mine,
          uniq_terence
D:4:      layout_rooms, cheibrodos_gnoll_hut, uniq_edmund, uniq_menkaure
D:5:      layout_rooms, grunt_dithmenos_smoke_and_mirrors,
          grunt_temple_overflow_diamond, minmay_temple_entry_glass
D:6:      layout_basic
D:7:      layout_loops_ring, okawaru_humans,
          mainiacjoe_overflow_small_starburst, st_stairs_8
D:8:      layout_cave_pods, dpeg_oklobed_lair, uniq_maggie
D:9:      layout_roguey, elyvilon_altar_3
D:10:     layout_long_grid
D:11:     lemuel_troll_bridge, layout_loops_ring
D:12:     layout_loops_ring, kennysheep_orc_monster_closet_entryway,
          serial_shops, nicolae_shop_window_shopping, kennysheep_four_rooms
D:13:     layout_cave_pools, erik_vaults_1, portal_ice_cave_rime,
          minmay_crystal_box, uniq_urug, uniq_nessos, uniq_jorgrun, uniq_frances
D:14:     minmay_dotted_concentric_squares, layout_loops_ring,
          infiniplex_staircase_zigzag_4, serial_shops, shop_scrolls,
          kennysheep_minor_cross, uniq_azrael
D:15:     grunt_enter_depths_snipers, layout_loops_ring, minivault_25,
          minmay_guarded_unrand_finisher
Temple:   regret_index_temple_waves
Lair:1:   layout_gridlike, serial_rivers, chequers_serial_rivers_micro_d,
          chequers_serial_rivers_micro_e, chequers_serial_rivers_small_b,
          chequers_serial_rivers_micro_c, chequers_serial_rivers_room_b,
          chequers_serial_rivers_room_b, uniq_erica
Lair:2:   layout_chaotic_city, guppyfry_snake_entry_garden, serial_forest,
          infiniplex_forest_straight_3, infiniplex_forest_clump_double,
          infiniplex_forest_split, infiniplex_forest_corner_1,
          infiniplex_forest_clump_small, infiniplex_forest_end_1,
          infiniplex_forest_lined_corner, infiniplex_forest_end_2
Lair:3:   layout_cave_pods, skrybe_swamp_entry_bodies, special_room
          [special_room_bee], grunt_megastairs_3, serial_bayou_shore_b,
          lemuel_fruit_tree, uniq_sonja
Lair:4:   layout_gridlike, basic_altar, serial_bayou_shore_b
Lair:5:   layout_roguey, minmay_lair_oklob_chamber, serial_bayou_shore_b,
          uniq_josephine
Lair:6:   minmay_lair_end_enchanted_forest, layout_loops_ring, slime_altar_1,
          gauntlet_entry_generic, grunt_megastairs_4
Swamp:1:  gammafunk_mikee_crab_dinner, layout_falls_marsh,
          evilmike_swamp_ruin_house_6, infiniplex_staircase_pool
Swamp:2:  layout_basic_swamp, evilmike_swamp_ruin_house_5
Snake:1:  kennysheep_six_static_rooms, layout_basic, uniq_aizul
Snake:2:  layout_chambers, nicolae_snake_salamander_jacuzzi
Snake:3:  layout_grid_maze, serial_shops, nicolae_diamond_shop, uniq_saint_roka,
          uniq_roxanne
Snake:4:  grunt_snake_rune_spirals, layout_onion, grunt_ministairs_9,
          uniq_louise, uniq_agnes, uniq_vashnia
Orc:1:    layout_diamond_mine, serial_shops, shop, uniq_fannar
Orc:2:    st_orc_open, layout_caves, nicolae_orc_damp_corner,
          nicolae_shop_overcharged_wands

Skill      XL: |  1  2  3  4  5  6  7  8  9 10 11 12 13 14 15 16 17 18 |
---------------+-------------------------------------------------------+-----
Short Blades   | 2 3 5 6 9 |  9.6
Stealth        | 5 6 7 8 9 11 12 13 | 13.8
Hexes          | 4 5 6 7 9 11 12 13 15 | 15.0
Fighting       | 1 6 9 11 12 | 12.0
Spellcasting   | 3 5 6 9 10 | 10.0
Ice Magic      | 3 6 9 11 12 | 12.0
Invocations    | 6 8 9 11 12 | 12.0
Evocations     | 1 4 6 9 |  9.0
Dodging        | 8 9 12 14 | 14.5
Shields        | 4 6 |  6.0

Action                   |  1- 3 |  4- 6 |  7- 9 | 10-12 | 13-15 | 16-18 | 19-21 || total
-------------------------+-------+-------+-------+-------+-------+-------+-------++-------
Melee: Dagger            |   177 |   112 |   146 |   235 |   649 |   504 |       ||  1823
       Short sword       |       |       |    20 |    80 |   353 |    55 |       ||   508
       Knife             |       |       |       |       |       |   175 |    28 ||   203
Throw: Stone             |     9 |     5 |     1 |       |       |       |       ||    15
       Dart              |       |       |       |     6 |    20 |    12 |       ||    38
 Cast: Corona            |    29 |    24 |    12 |     7 |       |       |       ||    72
       Ensorcelled Hiber |       |     9 |    49 |    95 |   192 |   131 |       ||   476
       Confusing Touch   |       |       |     8 |    15 |    26 |    21 |     3 ||    73
       Tukima's Dance    |       |       |     1 |    11 |    31 |    82 |       ||   125
       Ozocubu's Armour  |       |       |       |     7 |    28 |    10 |       ||    45
       Metabolic Englaci |       |       |       |     4 |    59 |    59 |       ||   122
       Invisibility      |       |       |       |       |     5 |     9 |       ||    14
Invok: Wall of Briars    |       |       |       |     1 |    12 |    12 |       ||    25
       Grow Ballistomyce |       |       |       |     1 |     5 |    11 |       ||    17
 Abil: Evoke Blink       |       |       |       |       |       |       |     5 ||     5
Evoke: Wand              |       |     2 |     5 |     3 |    32 |    32 |       ||    74
       Tin of tremorston |       |       |       |       |       |     1 |       ||     1
       Condenser vane    |       |       |       |       |       |     1 |       ||     1
  Use: Scroll            |       |     1 |    10 |     5 |     9 |    13 |     4 ||    42
       Potion            |       |       |       |     4 |     3 |     5 |       ||    12
 Stab: Sleeping          |    17 |    23 |    56 |    61 |   171 |   158 |     6 ||   492
       Confused          |       |       |     9 |    13 |    28 |    12 |       ||    62
       Distracted        |       |       |       |     1 |     3 |     4 |       ||     8
       Invisible         |       |       |       |       |     9 |     2 |       ||    11
Armor: Robe              |    19 |    11 |    14 |    42 |   115 |    18 |       ||   219
       Leather armour    |       |       |       |       |       |    46 |     4 ||    50
Dodge: Dodged            |   116 |    50 |    82 |   193 |   665 |   302 |    21 ||  1429
Block: Other             |    16 |    30 |    22 |    63 |   133 |       |       ||   264
       Reflection        |       |     1 |     2 |     6 |     9 |    45 |       ||    63
       Buckler           |       |       |       |       |   187 |   357 |    14 ||   558
